 Dungeon Crawl Stone Soup version 0.28.0-53-g5a82cb258f (webtiles) character file.

Game seed: 6114438254295673654

288 mortz the Firebug (level 6, 0/46 HPs)
             Began as a Hill Orc Fire Elementalist on July 16, 2022.
             Was an Initiate of Beogh.
             Killed from afar by Blork the orc (5 damage)
             ... with a puff of frost
             ... on level 4 of the Dungeon.
             The game lasted 00:30:43 (4897 turns).

mortz the Firebug (Hill Orc Fire Elementalist)      Turns: 4897, Time: 00:30:43

Health: 0/46       AC:  5    Str: 11    XL:     6   Next: 31%
Magic:  6/10       EV: 11    Int: 17    God:    Beogh [......]
Gold:   182        SH:  0    Dex: 11    Spells: 7/10 levels left

rFire   . . .      SeeInvis .   n - +1 trident (protect) {polearm}
rCold   + . .      Faith    .   (no shield)
rNeg    . . .      Spirit   .   q - +0 leather armour
rPois   .          Reflect  .   l - +1 helmet
rElec   .          Harm     .   (no cloak)
rCorr   .          Rampage  .   (no gloves)
Will    +....                   (no boots)
Stlth   +.........              (no amulet)
HPRegen 0.15/turn               r - ring of protection from cold
MPRegen 0.12/turn               m - ring of willpower

@: no status effects
A: no striking features
a: Renounce Religion


You were on level 4 of the Dungeon.
You worshipped Beogh.
Beogh was noncommittal.
You visited 2 branches of the dungeon, and saw 5 of its levels.

You collected 182 gold pieces.


   Skills:
 + Level 0.4 Fighting
 + Level 0.1 Short Blades
 + Level 1.0 Polearms
 + Level 0.5 Armour
 + Level 2.2 Dodging
 + Level 1.8 Stealth
 + Level 2.8 Spellcasting
 * Level 2.6 Conjurations
 * Level 5.1 Fire Magic


You had 7 spell levels left.
You knew the following spells:

 Your Spells              Type           Power      Damage    Failure   Level
a - Foxfire               Conj/Fire      60%        2x1d7     4%          1
b - Scorch                Fire           40%        2d7       4%          2

Your spell library contained the following spells:

 Spells                   Type           Power      Damage    Failure   Level
 Conjure Flame            Conj/Fire      15%        6-21      14%         3
 Slow                     Hex            8%         N/A       24%         1
 Inner Flame              Hex/Fire       11%        N/A       24%         3
 Stone Arrow              Conj/Erth      12%        3d7       38%         3
 Flame Wave               Conj/Fire      15%        2d6       43%         4
 Confusing Touch          Hex            2%         N/A       56%         3
 Gell's Gravitas          Tloc           2%         N/A       56%         3
 Ozocubu's Armour         Ice            2%         N/A       56%         3
 Teleport Other           Tloc           2%         N/A       56%         3
 Vampiric Draining        Necr           2%         2d6       56%         3
 Animate Armour           Summ/Erth      4%         N/A       93%         4
 Dispersal                Tloc           1%         N/A       100%        6
 Ozocubu's Refrigeration  Ice            1%         4d5       100%        7
 Lehudib's Crystal Spear  Conj/Erth      3%         10d2      100%        8

Inventory:

Hand Weapons
 d - a +0 dagger {short}
   (You took it off a kobold on level 1 of the Dungeon)
 e - a +0 whip {mace}
   (You found it on level 1 of the Dungeon)
 j - a +0 short sword {short}
   (You took it off a kobold on level 1 of the Dungeon)
 k - a +0 mace of protection {mace}
   (You took it off Robin on level 2 of the Dungeon)
 n - a +1 trident of protection (weapon) {polearm}
   (You found it on level 3 of the Dungeon)
 p - a +0 morningstar {mace}
   (You found it on level 4 of the Dungeon)
Armour
 a - a +0 robe
 l - a +1 helmet (worn)
   (You took it off Robin on level 2 of the Dungeon)
 o - a +0 ring mail
   (You took it off an orc on level 3 of the Dungeon)
 q - a +0 leather armour (worn)
   (You took it off an orc on level 3 of the Dungeon)
Jewellery
 m - a ring of willpower (right hand)
   (You took it off a goblin on level 2 of the Dungeon)
 r - a ring of protection from cold (left hand)
   (You found it on level 3 of the Dungeon)
Scrolls
 c - a scroll of teleportation {@r4}
 f - 4 scrolls of vulnerability {!r!r}
 h - a scroll of fog
 u - a scroll of fear
Potions
 b - a potion of heal wounds {@q2}
 g - a potion of flight
 i - a potion of curing {@q1}
 s - a potion of cancellation
 t - a potion of invisibility

Dungeon Overview and Level Annotations

Branches:
Dungeon (4/15)             Temple (1/1) D:4

Altars:
Ashenzari
Fedhas
Hepliaklqana
Kikubaaqudgha
Makhleb
Ru
Sif Muna
Uskayaw
Vehumet
Yredelemnul
The Shining One

Annotations:
D:2 Sigmund
D:3 1 runed translucent door, Crazy Yiuf
D:4 Blork the orc

##.#
#.....###.#........
#.# #.##.##
#.#..#.#.#. #.#
###.##.#
#..........
#.########......#
#...#.#.#.#.
#.........P.....#
###...(.....
##########..>..##
#.#.#.#.#.#.
##########.)PP..##
##...........
...............P.#
#.#.#.#.#.#.#
.###############@#
##........... ...#
#.# #.#.#.#.#.#.
.#.# #.#
##.......... ##.#
#.# #.#.#.#.#)#
##.# #o#
##......).. ##.#
###.# #.#.#)#)#.
##.###########.S.#
##........
##...<.So...S#.###
#####.##.
############.#.#
#....


You could see Blork the orc (fast) and a ball python.


Message History

😕 HP[-4] MP[-2]
You take 4 damage, and now have 38/46 hp.
You lost 2 mp, and now have 1/10 mp.
Blork the orc points at you and mumbles some strange words.
The magic dart hits you. 😮 HP[-4]
You take 4 damage, and now have 34/46 hp.
Blork the orc screams, "I'll crush all your ribs!
One by one!"
Blork the orc miscasts a cantrip.
Blork the orc casts a spell at you. The magic dart hits you.
Your magical contamination has completely faded away. 😮 HP[-6]
You take 6 damage, and now have 28/46 hp. 😮 HP[+1] MP[+1] Blork the orc drinks a potion.
Blork the orc is healed!
Blork the orc casts a spell at you. The magic dart hits you.
* * * LOW HITPOINT WARNING * * *
Blork the orc screams, "I'll decorate my home with your organs!" 😨 HP[-6]
You take 6 damage, and now have 23/46 hp.
Blork the orc looks encouraged for a moment.
A ball python comes into view.
Blork the orc gestures at you while chanting.
The magic dart hits you!
* * * LOW HITPOINT WARNING * * *
😨 HP[-7]
You take 7 damage, and now have 16/46 hp.
The ball python hisses angrily.
Blork the orc is no longer more vulnerable to fire. 😨 HP[+1]
Found a stone staircase leading down.
Blork the orc casts a spell at you. The puff of flame hits you.
* * * LOW HITPOINT WARNING * * *
The ball python barely misses you.
The ball python closely misses you. 😨 HP[-3] MP[+1]
You take 3 damage, and now have 14/46 hp.
The ball python barely misses you. The ball python grabs you.
The ball python constricts you.
* * * LOW HITPOINT WARNING * * *
😨 HP[-1]
You take 1 damage, and now have 13/46 hp.
You escape the ball python's grasp.
Blork the orc screams, "I'll break your arms!"
Blork the orc hits you but does no damage.
The ball python bites you but does no damage.
The ball python barely misses you. 😨 HP[+1] Blork the orc looks satisfied for a moment.
Blork the orc barely misses you. 😨 MP[+1] Blork the orc looks braver for a moment.
Blork the orc closely misses you. 😨 HP[+1]
There is a stone staircase leading up here.
Blork the orc closely misses you.
Blork the orc is no longer moving quickly.
Blork the orc gestures at you while chanting.
The puff of frost hits you. You resist.
* * * LOW HITPOINT WARNING * * *
😨 HP[-2]
You take 2 damage, and now have 13/46 hp.
Casting: Scorch (safe; 4% risk of failure)
Confirm with . or Enter, or press ? or * to list all spells.
Flames lash Blork the orc.
Blork the orc's fire resistance burns away.
Blork the orc casts a spell at you. The magic dart hits you.
* * * LOW HITPOINT WARNING * * *
😱 HP[-5] MP[-1]
You take 5 damage, and now have 8/46 hp.
You lost 1 mp, and now have 3/10 mp.
Blork the orc looks satisfied for a moment.
Blork the orc points at you and mumbles some strange words.
The puff of frost hits you. You resist.
* * * LOW HITPOINT WARNING * * *
😱 HP[-2]
You take 2 damage, and now have 6/46 hp.
Blork the orc is no longer more vulnerable to fire. 😱 HP[+1] MP[+1] 😱 HP[+1] 😱 MP[+1] Blork the orc gestures at you while chanting.
The magic dart hits you.
* * * LOW HITPOINT WARNING * * *
😱 HP[-5]
You take 5 damage, and now have 3/46 hp. 😱 HP[+1] Blork the orc casts a spell.
Blork the orc seems to speed up. 😱 MP[+1] 😱 HP[+1] Blork the orc casts a spell at you.
The puff of frost hits you. You resist.
You die...
Beogh appreciates Blork the orc's killing of a heretic priest.

Skill      XL: |  1  2  3  4  5  6 |
---------------+-------------------+-----
Fire Magic     | 4 5 |  5.1
Spellcasting   | 2 |  2.8
Dodging        | 2 |  2.2
Conjurations   | 2 |  2.6
Polearms       | 1 |  1.0
Fighting       | |  0.4
Short Blades   | |  0.1
Armour         | |  0.5
Stealth        | |  1.8

Action                   |  1- 3 |  4- 6 || total
-------------------------+-------+-------++-------
Melee: Dagger            |    34 |     1 ||    35
       Mace              |       |     5 ||     5
       Trident           |       |    25 ||    25
 Cast: Foxfire           |    69 |    80 ||   149
       Scorch            |     3 |     7 ||    10
Invok: Convert to Beogh  |       |     1 ||     1
  Use: Scroll            |     7 |     4 ||    11
       Potion            |       |     1 ||     1
Armor: Robe              |     7 |     1 ||     8
       Leather armour    |       |    19 ||    19
Dodge: Dodged            |    26 |    36 ||    62

Levels and vault maps discovered:
D:1:      dpeg_arrival_refuge, layout_rooms, minmay_gold_behind_fungi,
          chequers_serial_rivers_micro_c, grunt_decor_one_mirror,
          minmay_misc_feat_roman, minmay_heptomino_d4
D:2:      layout_loops_corners, hangedman_decor_points, uniq_robin, uniq_sigmund
D:3:      layout_rooms, lemuel_tele_altar, uniq_crazy_yiuf_cottage
D:4:      layout_loops_ring, nicolae_uskayaw_dance_hall,
          minmay_temple_entry_overgrown, abandoned_shop, hex_medium,
          grunt_tough_drop, uniq_blork_the_orc
Temple:   nicolae_temple_figure_zero

Notes
Turn   | Place    | Note
-------+----------+-------------------------------------------
     0 | D:1      | mortz the Hill Orc Fire Elementalist began the quest for
                  | the Orb.
     0 | D:1      | Reached XP level 1. HP: 14/14 MP: 3/3
     0 | D:1      | magus.rc [v1.9.6]
   271 | D:1      | Reached XP level 2. HP: 20/20 MP: 2/4
   480 | D:1      | Learned a level 2 spell: Scorch
   858 | D:1      | Reached XP level 3. HP: 20/26 MP: 0/5
  1405 | D:2      | Reached skill level 4 in Fire Magic
  1559 | D:2      | Reached skill level 2 in Spellcasting
  1577 | D:2      | HP: 6/26 [jackal (1)]
  2074 | D:2      | Noticed Robin
  2119 | D:2      | Reached XP level 4. HP: 33/33 MP: 1/7
  2248 | D:2      | Noticed Sigmund
  2387 | D:2      | You pick up a book of Armaments and begin reading...
  2387 | D:2      | You add the spells Stone Arrow, Animate Armour and
                  | Lehudib's Crystal Spear to your library.
  2649 | D:2      | Killed Robin
  2827 | D:2      | You add the spells Ozocubu's Armour and Ozocubu's
                  | Refrigeration to your library.
  2940 | D:2      | HP: 4/33 [something (15)]
  3531 | D:3      | Found a runed translucent door.
  3532 | D:3      | Noticed Crazy Yiuf
  3842 | D:3      | Found an ancient bone altar of Kikubaaqudgha.
  3905 | D:3      | Reached XP level 5. HP: 38/38 MP: 4/8
  3907 | D:3      | Reached skill level 2 in Dodging
  3912 | D:3      | You add the spells Gell's Gravitas, Teleport Other and
                  | Dispersal to your library.
  3982 | D:3      | You pick up a book of Debilitation and begin reading...
  3982 | D:3      | You add the spells Slow, Vampiric Draining and Confusing
                  | Touch to your library.
  4261 | D:4      | Noticed Blork the orc
  4285 | D:4      | Found a hide-covered altar of Uskayaw.
  4376 | D:4      | Reached skill level 2 in Conjurations
  4475 | D:4      | Noticed an ogre
  4483 | D:4      | Killed an ogre
  4484 | D:4      | Reached skill level 5 in Fire Magic
  4484 | D:4      | Reached XP level 6. HP: 46/46 MP: 2/10
  4589 | D:4      | Reached skill level 1 in Polearms
  4610 | D:4      | Found a staircase to the Ecumenical Temple.
  4619 | Temple   | Entered the Ecumenical Temple
  4807 | D:4      | Became a worshipper of Beogh the Brigand
  4866 | D:4      | HP: 8/46 [Blork the orc/magic dart (5)]
  4887 | D:4      | HP: 3/46 [Blork the orc/magic dart (5)]
  4897 | D:4      | Killed from afar by Blork the orc

Vanquished Creatures
  An ogre (D:4)
  A hound (D:4)
  Robin (D:2)
  5 adders
  An ufetubus (D:4)
  An adder skeleton (D:4)
  A worm (D:2)
  A dart slug (D:1)
  10 orcs
  8 endoplasms
  2 giant cockroaches
  11 goblins
  8 hobgoblins
  6 jackals
  A quokka (D:1)
  5 ball pythons
  7 bats
  7 frilled lizards
  12 kobolds
  10 rats
99 creatures vanquished.

Vanquished Creatures (others)
  An orc priest (D:4)
  256 foxfires
  4 toadstools (D:1)
261 creatures vanquished.

Grand Total: 360 creatures vanquished

Table legend:
 A = Non-vault XP
 B = Vault XP
 C = Vault XP percentage of total XP
 D = Non-vault monster count
 E = Vault monster count
 F = Vault count percentage of total count
                 A         B        C        D         E       F
            +---------+---------+-------+---------+---------+-------
      Total |     377 |      35 |   8.5 |      86 |      13 |  13.1
            +---------+---------+-------+---------+---------+-------
        D:1 |      42 |       5 |  10.6 |      25 |       4 |  13.8
        D:2 |      37 |      28 |  43.1 |      19 |       8 |  29.6
        D:3 |      63 |       0 |   0.0 |      23 |       0 |   0.0
        D:4 |     235 |       2 |   0.8 |      19 |       1 |   5.0
            +---------+---------+-------+---------+---------+-------

Illustrated notes

Table legend:
 A = Kills in this place as a percentage of kills in entire the game.
 B = Kills by you in this place as a percentage of kills by you in the entire game.
 C = Kills by friends in this place as a percentage of kills by friends in the entire game.
 D = Other kills in this place as a percentage of other kills in the entire game.
 E = Experience gained in this place as a percentage of experience gained in the entire game.
 F = Experience gained in this place divided by the number of levels of this place that you have seen.
                   A       B       C       D       E      F
               +-------+-------+-------+-------+-------+----------------------
         Total | 100.0 | 100.0 |   N/A |   N/A | 100.0 |  82.4
       Dungeon | 100.0 | 100.0 |   N/A |   N/A | 100.0 | 103.0
               +-------+-------+-------+-------+-------+----------------------

Table legend: (Time is in decaauts)
 A = Elapsed time spent in this place.
 B = Non-inter-level travel time spent in this place.
 C = Inter-level travel time spent in this place.
 D = Time resting spent in this place.
 E = Time spent auto-exploring this place.
 F = Levels seen in this place.
 G = Mean time per level.
                   A        B        C        D        E       F      G
               +--------+--------+--------+--------+--------+-----+--------+
         Total |   4895 |   4716 |    179 |    346 |   3342 |   5 |  979.0 |
       Dungeon |   4769 |   4599 |    170 |    346 |   3231 |   4 | 1192.2 |
        Temple |    125 |    116 |      9 |      0 |    111 |   1 |  125.0 |
               +--------+--------+--------+--------+--------+-----+--------+

Top non-repeatable levels by time:
     D:1: 1622 daAuts
     D:2: 1613 daAuts
     D:3: 863 daAuts
     D:4: 669 daAuts
  Temple: 125 daAuts
